cohdb
Replays
Latest Replays
All Replays
Popular Replays
Top Player Replays
Match Explorer
How It Works
Community
CoH3 Stats
Reddit
Sign in to upload your games and track your stats! →
Sign in with Steam
Match 47207444
Unlisted
Match 47207444
Overview
Messages
Build Orders
End
Selects Airborne Battlegroup
Scout Squad
Selects Pathfinders
Construct Barracks
Riflemen Squad
Riflemen Squad
Grenade Package
Construct Medical Station
Selects Paratrooper Squad Paradrop
Paratrooper Squad Paradrop
Infantry Support Center
Riflemen Squad
Selects Anti-tank Gun Team Paradrop
Construct Tank Depot
Selects Recon Loiter
M4A1 Sherman Medium Tank
M1918 Browning Automatic Rifles
Engineer Squad
Selects Paradrop Reinforcements
M4A1 Sherman Medium Tank
Advanced Logistics
Recon Loiter
Selects Dual P-47 Rocket Strike
M4A1 Sherman Medium Tank
Survival Training
Dual P-47 Rocket Strike
USA USA USA
Cooke2g
~TAB~ THUND3RCHUNKY
Ulysses
0
0
Comments
sign in to comment!
No comments posted yet!